 Dungeon Crawl Stone Soup version 0.23.1 (webtiles) character file.

Game seed: 4721737416509620742

27 doot the Firebug (level 2, 0/15 HPs)
             Began as a Deep Elf Fire Elementalist on Mar 13, 2019.
             Was an Initiate of Vehumet.
             Slain by an orc
             ... wielding a +1 hand axe of venom
              (3 damage)
             ... on level 3 of the Dungeon.
             The game lasted 00:01:45 (507 turns).

doot the Firebug (Deep Elf Fire Elementalist)        Turns: 507, Time: 00:01:46

Health: 0/15       AC:  2    Str: 10    XL:     2   Next: 93%
Magic:  6/8        EV: 13    Int: 19    God:    Vehumet [......]
Gold:   63         SH:  0    Dex: 15    Spells: 6/7 levels left

rFire    x . .     SeeInvis .   e - +0 dagger
rCold    + . .     Gourm    .   (no shield)
rNeg     . . .     Faith    .   a - +0 robe
rPois    .         Spirit   .   (no helmet)
rElec    .         Reflect  .   (no cloak)
rCorr    .         Harm     .   (no gloves)
MR       .....                  (no boots)
Stlth    ++........             (no amulet)
HPRegen  0.05/turn              b - ring of ice
MPRegen  0.11/turn              (no ring)

@: mighty, lethally poisoned (0 -> -8)
A: no striking features
a: Renounce Religion


You were on level 3 of the Dungeon.
You worshipped Vehumet.
Vehumet was noncommittal.
You were not hungry.

You visited 1 branch of the dungeon, and saw 3 of its levels.

You collected 63 gold pieces.

Inventory:

Hand Weapons
 e - a +0 dagger (weapon)
Armour
 a - a +0 robe (worn)
Jewellery
 b - a ring of ice (left hand)
Scrolls
 f - 2 scrolls of identify {unknown}
 g - a scroll of blinking {unknown}
Comestibles
 c - 3 rations


   Skills:
 + Level 2.4 Dodging
 + Level 2.6 Stealth
 + Level 3.3 Spellcasting
 + Level 1.1 Conjurations
 + Level 4.2 Fire Magic


You had 6 spell levels left.
You knew the following spells:

 Your Spells              Type           Power        Failure   Level  Hunger
a - Flame Tongue          Conj/Fire      ##...        4%          1    None

Your spell library contained the following spells:

 Spells                   Type           Power        Failure   Level  Hunger
 Throw Flame              Conj/Fire      ##....       8%          2    ##.....
 Conjure Flame            Conj/Fire      ##......     14%         3    ###....
 Inner Flame              Hex/Fire       ##......     19%         3    ###....
 Sticky Flame             Conj/Fire      ##......     43%         4    ####...
 Fireball                 Conj/Fire      ##........   80%         5    ######.


Dungeon Overview and Level Annotations

Branches:
Dungeon (3/15)

Altars:
Hepliaklqana
Okawaru
Vehumet
Zin


Message History

Unknown command.
Casting: Flame Tongue (safe; 4% risk of failure)
Confirm with . or Enter, or press ? or * to list all spells.
Aiming: Flame Tongue (safe; 4% risk of failure)
Press: ? - help, Shift-Dir - straight line, f - bat
Aim: a bat The flame tongue hits the bat.
You kill the bat!
Vehumet accepts your kill.
* * * LOW HITPOINT WARNING * * *
You feel sick.
Casting: Flame Tongue (safe; 4% risk of failure)
Confirm with . or Enter, or press ? or * to list all spells.
Aiming: Flame Tongue (safe; 4% risk of failure)
Press: ? - help, Shift-Dir - straight line, f - orc
Aim: an orc, wielding a +1 hand axe of venom and wearing a +0 scale mail The flame tongue misses the orc. x2; The flame tongue hits the orc.
The orc is moderately wounded.
The orc hits you with a +1 hand axe of venom.
You die...

#<# #.# #.#
#.### #...#
####### ###.#
#.....## #.#
#(.....#
#.####..._..#.#
#.@oooo._8_...#
#######.._....#
.........#
#####..#....
##.#.#### .# #
.#


You could see 4 orcs.

Vanquished Creatures
  An ooze (D:1)
  A leopard gecko (D:1)
  A giant cockroach (D:1)
  A hobgoblin (D:1)
  3 jackals (D:1)
  A bat (D:3)
  7 goblins (D:1)
  4 kobolds (D:1)
19 creatures vanquished.

Notes
Turn   | Place    | Note
-------+----------+-------------------------------------------
     0 | D:1      | doot the Deep Elf Fire Elementalist began the quest for the
                  | Orb.
     0 | D:1      | Reached XP level 1. HP: 10/10 MP: 6/6
   208 | D:1      | Reached XP level 2. HP: 15/15 MP: 6/8
   217 | D:1      | Reached skill level 4 in Fire Magic
   488 | D:3      | Found a hazy altar of Hepliaklqana.
   489 | D:3      | Found a glowing silver altar of Zin.
   489 | D:3      | Found a radiant altar of Vehumet.
   490 | D:3      | Found an iron altar of Okawaru.
   497 | D:3      | Became a worshipper of Vehumet
   507 | D:3      | Slain by an orc

Skill      XL: |  1  2 |
---------------+-------+-----
Fire Magic     | 4 |  4.2
Dodging        | |  2.4
Stealth        | |  2.6
Spellcasting   | |  3.3
Conjurations   | |  1.1

Action                   || total
-------------------------++-------
 Cast: Flame Tongue      ||    34
  Use: Potion            ||     1
Armor: Robe              ||     2
Dodge: Dodged            ||    19
